 Dungeon Crawl Stone Soup version 0.28.0 (webtiles) character file.

Game seed: 13992398909915273658

142 SnakkuSnakku7 the Magician (level 5, -8/38 HPs)
             Began as a Djinni Gladiator on Feb 10, 2022.
             Shot with an arrow by a centaur (11 damage)
             ... on level 4 of the Dungeon.
             The game lasted 00:03:15 (2614 turns).

SnakkuSnakku7 the Magician (Djinni Gladiator)       Turns: 2614, Time: 00:03:15

Health: -8/38      AC:  5    Str: 13    XL:     5   Next: 49%
Gold:   80         EV: 12    Int: 11    God:
                   SH:  0    Dex: 15

rFire   + + .      SeeInvis .   j - +4 quarterstaff (chaos)
rCold   x . .      Faith    .   (shield currently unavailable)
rNeg    . . .      Spirit   .   b - +0 leather armour
rPois   ∞          Reflect  .   c - +0 helmet
rElec   .          Harm     .   k - +0 cloak
rCorr   .          Rampage  .   (no gloves)
Will    .....                   (boots unavailable)
Stlth   ..........              (no amulet)
HPRegen 0.12/turn               (no ring)
MPRegen 0.00/turn               (no ring)

@: silenced, weak-willed, flying, unable to read
A: sickness immunity, fire resistance 2, cold vulnerability 1, float, innate
caster, HP casting, extra vitality 1, inability to read while threatened,
MP-powered wands
a: no special abilities


You were on level 4 of the Dungeon.
You visited 1 branch of the dungeon, and saw 4 of its levels.

You collected 80 gold pieces.

Inventory:

Hand Weapons
 a - a +0 quarterstaff
 j - a +4 quarterstaff of chaos (weapon)
Missiles
 d - 2 throwing nets
Armour
 b - a +0 leather armour (worn)
 c - a +0 helmet (worn)
 k - a +0 cloak (worn)
Scrolls
 f - 3 scrolls of identify {unknown}
 h - a scroll of enchant weapon {unknown}
 i - a scroll of immolation {unknown}
 l - a scroll of blinking {unknown}
 n - a scroll of teleportation {unknown}
 p - a scroll of magic mapping {unknown}
 q - a scroll of fear {unknown}
Potions
 e - a potion of mutation
 m - a potion of haste {unknown}
 o - a potion of might {unknown}
 r - a potion of curing {unknown}


   Skills:
 - Level 2.0 Fighting
 - Level 2.6 Staves
 - Level 1.5 Throwing
 - Level 3.2 Dodging
 + Level 3.5 Spellcasting


You had 8 spell levels left.
You knew the following spells:

 Your Spells              Type           Power      Damage    Failure   Level
a - Slow                  Hex            36%        N/A       8%          1
b - Poisonous Vapours     Pois/Air       18%        N/A       11%         2
Your spell library was empty.

Dungeon Overview and Level Annotations

Branches:
Dungeon (4/15)
 Temple: D:4-7

Altars:

Portals:
Abyss: D:3

Annotations:
D:3 2 transporters, indyram44's ghost, amateur DsBe


Innate Abilities, Weirdness & Mutations

You are immune to sickness and miasma.
You are immune to poison.
Your flesh is very heat resistant. (rF++)
You are vulnerable to cold. (rC-)
You float through the air rather than walking.
You learn spells naturally, not from books.
Your magical power is your life essence.
You have superior vitality. (+4 MHP)
You sometimes lose the ability to read scrolls when taking damage.
You expend health (3 HP) to strengthen your wands.


Message History

You barely miss the kobold. The kobold closely misses you.
You sock the kobold!
You kill the kobold!
Things that are here:
a +0 short sword; a kobold corpse
r - a fizzy sapphire potion
s - a scroll labelled NEDOKU ACUPH A goblin comes into view.
It is wielding a +0 club.
A goblin is nearby!
A centaur comes into view.
The centaur shouts!
The goblin shouts!
You hear a shout!
The centaur wields a +0 shortbow.
The centaur shoots an arrow.
The arrow hits you!
Found a ring mail.
The centaur shoots an arrow.
The arrow hits you. The goblin hits you but does no damage.
An adder skeleton comes into view.
The centaur shoots an arrow.
The arrow misses you.
You closely miss the goblin. The goblin hits you but does no damage.
The centaur shoots an arrow.
The arrow hits you!
You are too injured to fight recklessly!
You hit the goblin. You freeze the goblin.
You kill the goblin!
A kobold comes into view. It is wielding a +0 dagger.
The centaur shoots an arrow.
The arrow hits you!
* * * LOW HITPOINT WARNING * * *
Unknown command.
The centaur shoots an arrow.
The arrow hits you.
* * * LOW HITPOINT WARNING * * *
The centaur shoots an arrow.
The arrow barely misses you.
Okay, then.
As you read the scroll labelled SOZYRO CIETS, it crumbles to dust.
Magic quickly surges around you.
It was a scroll of vulnerability.
As you read the scroll labelled NEDOKU ACUPH, it crumbles to dust.
A profound silence engulfs you.
It was a scroll of silence.
It was a potion of mutation.
You feel extremely strange.
You feel your magical essence link to the dungeon's wands.
You lose the ability to read scrolls when threatened.
The centaur shoots an arrow.
The arrow hits you!
You feel threatened and lose the ability to read scrolls!
You die...

......)....#.# .
..........##.# ..
..........#..# Z.[
.......#.....# .c..
......##.(...## ####.....
....####..##..###.c......
#..# ##..#####....).# ###
##..## ##..#### ##..##
#.@# ##..## ##.# ##..##
#.# ##..### #.. #.....#
##.# ..###.# .# .## ..#
#. ## .# . # ..


You could see a centaur.

Vanquished Creatures
  Crazy Yiuf (D:2)
  4 adders
  An ufetubus (D:3)
  2 worms (D:2)
  2 orcs (D:3)
  4 endoplasms
  4 giant cockroaches
  3 goblins
  8 hobgoblins
  5 jackals
  6 kobolds
  3 quokkas
  2 ball pythons (D:2)
  7 bats
  5 frilled lizards
  5 rats
62 creatures vanquished.

Vanquished Creatures (others)
  15 plants (D:2)
15 creatures vanquished.

Grand Total: 77 creatures vanquished

Notes
Turn   | Place    | Note
-------+----------+-------------------------------------------
     0 | D:1      | SnakkuSnakku7 the Djinni Gladiator began the quest for the
                  | Orb.
     0 | D:1      | Reached XP level 1. HP: 18/18 MP: 0/0
   189 | D:1      | Reached skill level 1 in Spellcasting
   189 | D:1      | Reached XP level 2. HP: 10/23 MP: 0/0
   614 | D:1      | Reached XP level 3. HP: 19/28 MP: 0/0
   614 | D:1      | Learned a level 1 spell: Slow
  1272 | D:2      | Reached XP level 4. HP: 23/33 MP: 0/0
  1435 | D:2      | Found a runed translucent door.
  1436 | D:2      | Noticed Crazy Yiuf
  1494 | D:2      | Killed Crazy Yiuf
  1800 | D:2      | Reached XP level 5. HP: 29/38 MP: 0/0
  1800 | D:2      | Learned a level 2 spell: Poisonous Vapours
  2010 | D:3      | Found a transporter.
  2034 | D:3      | Noticed indyram44's ghost (amateur DsBe)
  2045 | D:3      | Found a one-way gate to the infinite horrors of the Abyss.
  2049 | D:3      | Found a transporter.
  2090 | D:3      | Noticed a kobold brigand
  2606 | D:4      | Noticed a centaur
  2614 | D:4      | Gained mutation: You expend health (3 HP) to strengthen
                  | your wands. [potion of mutation]
  2614 | D:4      | Gained mutation: You sometimes lose the ability to read
                  | scrolls when taking damage. [potion of mutation]
  2614 | D:4      | Shot with an arrow by a centaur

Illustrated notes

Levels and vault maps discovered:
D:1:      psy_arrival_dodecagon, layout_rooms, kennysheep_boxes
D:2:      minmay_chambers_of_ones, layout_loops_cross, serial_bayou,
          serial_bayou_pond_c, serial_bayou_shore_b, serial_bayou_shore_a,
          serial_bayou_pond_e, serial_bayou_pond_e, kennysheep_nondescript,
          uniq_crazy_yiuf_cottage
D:3:      layout_basic, gammafunk_ghost_abyssal_escape
D:4:      layout_cave_pods, minmay_temple_entry_glassed_door, serial_glass,
          glass_columns_a, glass_columns_a, palyth_stone_intersect

Skill      XL: |  1  2  3  4 |
---------------+-------------+-----
Spellcasting   | 1 2 3 |  3.5
Fighting       | |  2.0
Staves         | |  2.6
Throwing       | |  1.5
Dodging        | |  3.2

Action                   |  1- 3 |  4- 6 || total
-------------------------+-------+-------++-------
Melee: Quarterstaff      |   116 |    70 ||   186
Throw: Throwing net      |       |     1 ||     1
 Cast: Poisonous Vapours |       |     1 ||     1
  Use: Scroll            |       |     2 ||     2
       Potion            |       |     1 ||     1
 Stab: Held in net/web   |       |     1 ||     1
       Sleeping          |       |     1 ||     1
Armor: Leather armour    |    62 |    24 ||    86
Dodge: Dodged            |    86 |    46 ||   132
